 Dungeon Crawl Stone Soup version 0.17-a0-1468-gbf503c2 (webtiles) character file.

581 pulse the Chopper (level 7, -1/56 HPs)
             Began as a Formicid Berserker on July 1, 2015.
             Was an Elder of Trog.
             Splashed by a jelly's acid (8 damage)
             ... on level 5 of the Dungeon.
             The game lasted 00:08:35 (4440 turns).

pulse the Chopper (Formicid Berserker)              Turns: 4440, Time: 00:08:35

Health: -1/56      AC:  1    Str: 23    XL:     7   Next: 63%
Magic:  7/7        EV: 10    Int:  7    God:    Trog [****..]
Gold:   223        SH:  0    Dex: 10    Spells: 0 memorised, 6 levels left

rFire  . . .     SeeInvis +     l - +1 hand axe (chop)
rCold  . . .     Clarity  .     k - +2 scale mail {rN+}
rNeg   + + .     SustAt   .     (no shield)
rPois  .         Gourm    .     (helmet unavailable)
rElec  .         Spirit   .     (no cloak)
rCorr  .         Warding  .     (no gloves)
rMut   .         Stasis   +     (no boots)
MR     .....                    (no amulet)
Stlth  ..........               (no ring)
                                i - ring of positive energy

@: corroded equipment, invisible, not resistant to hostile enchantments,
extremely unstealthy
A: permanent stasis, dig shafts and tunnels, four strong arms, antennae 3
a: Dig, Shaft Self, Burn Spellbooks, Trog's Hand, Brothers in Arms, Renounce
Religion


You were on level 5 of the Dungeon.
You worshipped Trog.
Trog was greatly pleased with you.
You were hungry.

You visited 1 branch of the dungeon, and saw 5 of its levels.
You also visited: Sewer.

You collected 223 gold pieces.

Inventory:

Hand weapons
 l - a +1 hand axe of chopping (weapon)
Armour
 k - a +2 scale mail of positive energy (worn)
Jewellery
 i - a ring of positive energy (left hand)
Magical devices
 d - a wand of polymorph (18)
 n - a wand of frost (31)
 t - a wand of random effects (29)
 v - a wand of flame (14)
Scrolls
 b - a scroll of recharging
 e - 2 scrolls of remove curse
 f - 3 scrolls of fear
 p - a scroll of enchant weapon {unknown}
 s - a scroll of noise {unknown}
Potions
 h - a potion of might
 j - 2 potions of cancellation
 o - 2 potions of magic
 q - a potion of brilliance {unknown}
 u - a potion of curing {unknown}
Comestibles
 a - 4 meat rations
 c - 3 bread rations
 m - 5 fruits


   Skills:
 + Level 5.3 Fighting
 * Level 6.1 Axes
 + Level 4.6 Armour
 - Level 1.7 Dodging


You had 6 spell levels left.
You didn't know any spells.

Dungeon Overview and Level Annotations

Branches:
Dungeon (5/15)             Temple (0/1) D:5

Altars:
Nemelex Xobeh
Ru

Annotations:
D:5 Prince Ribbit


Innate Abilities, Weirdness & Mutations

You are under a permanent stasis effect.
You can dig through walls and to a lower floor.
Your four strong arms can wield two-handed weapons with a shield.
You have a pair of large antennae on your head (SInv).


Message History

The jelly closely misses you.
You barely miss the jelly.
The jelly is heavily wounded.
The jelly hits you.
You are splashed with acid!
The acid corrodes you!
The acid burns!
You hit the jelly.
Your hands burn!
The jelly is heavily wounded.
The jelly hits you.
You are splashed with acid!
The acid burns!
You hit the jelly.
Your hands burn!
The jelly is heavily wounded.
The jelly hits you.
You are splashed with acid!
The acid burns!
* * * LOW HITPOINT WARNING * * *
You are too injured to fight recklessly!
You are too injured to fight recklessly!
Drink which item? (? for menu, Esc to quit)
You fade into invisibility!
The jelly hits you.
* * * LOW HITPOINT WARNING * * *
You are splashed with acid!
The acid burns!
You die...

... . .... ##### ..
....##...# ...
.........# ....
.........##.....
.......o........
......ooo(......
....###J###..... $
#@# .........#
###.### .#.....#
###'### #.....#
##⌠.⌠#####+##.....+
##.>.##)..........#
##⌠.⌠##...........#
###'###...........##
###.###.............
#.# #......##.##..


You could see a jelly and 4 orcs.

Vanquished Creatures
  2 ogres
  3 big kobolds (Sewer)
  An iguana (D:4)
  Robin (D:1)
  2 river rats (D:3)
  An adder (D:2)
  A shadow imp (D:4)
  An adder zombie (D:5)
  An ooze (D:1)
  2 worms
  5 giant geckos
  4 orcs
  15 bats
  6 giant cockroaches
  14 goblins
  18 hobgoblins
  4 jackals (D:1)
  4 kobolds
  4 quokkas
  2 ball pythons (D:3)
  5 giant newts
  17 rats
113 creatures vanquished.

Notes
Turn   | Place    | Note
--------------------------------------------------------------
     0 | D:1      | pulse the Formicid Berserker began the quest for the Orb.
     0 | D:1      | Reached XP level 1. HP: 18/18 MP: 1/1
   195 | D:1      | Reached XP level 2. HP: 21/24 MP: 2/2
   498 | D:1      | Reached XP level 3. HP: 13/30 MP: 3/3
  1149 | D:2      | Noticed Robin
  1155 | D:2      | Acquired Trog's second power
  1269 | D:2      | Reached skill level 4 in Fighting
  1278 | D:1      | Killed Robin
  1278 | D:1      | Reached XP level 4. HP: 37/37 MP: 4/4
  1969 | D:3      | Reached XP level 5. HP: 32/43 MP: 5/5
  1981 | D:3      | Found a glowing drain.
  2010 | Sewer    | Entered a sewer
  2396 | Sewer    | Reached skill level 5 in Axes
  2396 | Sewer    | Reached XP level 6. HP: 43/50 MP: 6/6
  2515 | Sewer    | Reached skill level 5 in Fighting
  2795 | D:3      | Found a faded altar to an unknown god.
  2878 | D:3      | Found a sacrificial altar of Ru.
  3147 | D:3      | Found a sparkling altar of Nemelex Xobeh.
  3456 | D:4      | Reached XP level 7. HP: 17/56 MP: 7/7
  3831 | D:4      | Acquired Trog's third power
  4112 | D:5      | Entered Level 5 of the Dungeon
  4124 | D:5      | Reached skill level 6 in Axes
  4277 | D:5      | Noticed Prince Ribbit
  4413 | D:5      | Found a staircase to the Ecumenical Temple.
  4440 | D:5      | Splashed by a jelly's acid

Vault maps used:
D:1:      minmay_arrival_four_loops
D:2:      uniq_robin
D:3:      nicolae_ru_awakened_eye, nemelex_deck, ecumenical_altar_1,
          portal_sewer_entry_b
D:5:      temple_doors_b, first_bread, uniq_menkaure, uniq_prince_ribbit1
Sewer:    sewer_kobold_necro_badplayer

Action                   |  1- 3 |  4- 6 |  7- 9 || total
-------------------------+-------+-------+-------++-------
Melee: Hand axe          |   141 |   233 |    83 ||   457
Invok: Burn Spellbooks   |       |     1 |     1 ||     2
  Use: Scroll            |     1 |     5 |     4 ||    10
       Potion            |     1 |     1 |     2 ||     4
  Eat: Beef jerky        |     1 |       |       ||     1
       Chunk             |       |     7 |     2 ||     9
       Fruit             |       |       |     1 ||     1
